 Dungeon Crawl Stone Soup version 0.31-a0-149-g3fdcc5976a (webtiles) character file.

Game seed: 4851835863999502725

74 qw the Shooter (level 4, 0/38 HPs)
             Began as a Minotaur Hunter on June 7, 2023.
             Slain by a cerulean imp
             ... wielding a +1 spear
             ... summoned by Natasha
              (1 damage)
             ... on level 2 of the Dungeon.
             The game lasted 00:00:26 (1016 turns).

qw the Shooter (Minotaur Hunter)                    Turns: 1016, Time: 00:00:26

Health: 0/38       AC:  5    Str: 15    XL:     4   Next: 9%
Magic:  3/3        EV: 11    Int:  6    God:
Gold:   43         SH:  0    Dex: 16    Spells: 3/3 levels left

rFire   . . .        Y - +0 shortbow
rCold   . . .        (shield currently unavailable)
rNeg    . . .        e - +0 ring mail
rPois   .            (helmet restricted)
rElec   .            (no cloak)
rCorr   .            (no gloves)
SInv    .            (no boots)
Will    .....        (no amulet)
Stlth   +            (no ring)
HPRegen 0.26/turn    (no ring)
MPRegen 0.08/turn

%: no passive effects
@: no status effects
A: horns 2, retaliatory headbutt
a: no special abilities


You were on level 2 of the Dungeon.
You visited 1 branch of the dungeon, and saw 2 of its levels.

You collected 43 gold pieces.


Innate Abilities, Weirdness & Mutations

You have a pair of horns on your head.
You reflexively headbutt those who attack you in melee.


   Skills:
 - Level 3.0 Fighting
 + Level 5.8 Ranged Weapons
 - Level 1.0 Armour
 - Level 2.1 Dodging
 - Level 0.7 Stealth


You had 3 spell levels left.
You didn't know any spells.
Your spell library was empty.

Inventory:

Hand Weapons
 Y - a +0 shortbow (weapon)
Armour
 e - a +0 ring mail (worn)
Scrolls
 g - 2 scrolls of identify
Potions
 a - 2 potions of curing {unknown}
 b - a potion of cancellation {unknown}

Dungeon Overview and Level Annotations

Branches:
Dungeon (2/15)

Altars:

Shops:
D:1 =(?[

Annotations:
D:2 Natasha


Message History

You shoot an arrow. The arrow closely misses Natasha.
You feel yourself speed up. Natasha barely misses you.
The cerulean imp hits you but does no damage.
Natasha claws you.
You shoot an arrow. The arrow barely misses Natasha.
The cerulean imp barely misses you. Natasha casts a spell at you.
You resist with some effort. The cerulean imp closely misses you.
You shoot an arrow. The arrow hits Natasha.
Natasha is heavily wounded.
The cerulean imp disappears in a puff of smoke!
Natasha casts a spell at you. You resist with some effort.
You shoot an arrow. The arrow hits Natasha.
Natasha is heavily wounded.
Natasha closely misses you.
You shoot an arrow. The arrow closely misses Natasha.
The kobold shouts!
Natasha barely misses you.
Natasha mumbles some strange words.
You shoot an arrow. The arrow hits Natasha.
Natasha is heavily wounded.
Natasha claws you but does no damage. The cerulean imp misses you.
You shoot an arrow. The arrow closely misses Natasha.
A giant cockroach comes into view.
Natasha casts a spell.
The cerulean imp hits you but does no damage.
You shoot an arrow. The arrow misses Natasha.
A giant cockroach comes into view.
Natasha wildly gestures.
You feel troubled. Natasha claws you. The cerulean imp closely misses you.
The cerulean imp hits you from afar with a +1 spear.
You shoot an arrow. The arrow hits Natasha.
Natasha is severely wounded.
Natasha casts a spell at you. The magic dart hits you!
The cerulean imp hits you from afar with a +1 spear.
You die...

#######)##.##
............# B
..#####.....# ..
#.+.....# ...
#.#.....# ..B.
##'#.....# ....K
#.5......#
......#......#..>.
#.h@.....#.###
###).....# #
#5.....# #####..#
.... #... #.


You could see Natasha, 2 cerulean imps, 2 giant cockroaches and a kobold.

Vanquished Creatures
  Robin (D:2)
  A gnoll (D:1)
  An adder (D:2)
  2 dart slugs
  2 ball pythons
  2 bats
  2 endoplasms (D:1)
  2 giant cockroaches (D:1)
  9 goblins
  5 hobgoblins
  2 jackals (D:1)
  2 quokkas (D:1)
  2 frilled lizards
  A kobold (D:1)
  2 rats (D:1)
36 creatures vanquished.

Notes
Turn   | Place    | Note
-------+----------+-------------------------------------------
     0 | D:1      | qw the Minotaur Hunter began the quest for the Orb.
     0 | D:1      | Reached XP level 1. HP: 18/18 MP: 0/0
     0 | D:1      | 0 ||| qw: Version: 0.2-a-117-gc6b5c8b
     0 | D:1      | 0 ||| qw: Game counter: 2658
     0 | D:1      | 0 ||| qw: Always use a shield: true
     0 | D:1      | 0 ||| qw: God list: Okawaru
     0 | D:1      | 0 ||| qw: Allow faded altars: false
     0 | D:1      | 0 ||| qw: Do Orc after D:15 true
     0 | D:1      | 0 ||| qw: Do second Lair branch before Depths: true
     0 | D:1      | 0 ||| qw: Lair rune preference: random
     0 | D:1      | 0 ||| qw: Plans: Normal
     0 | D:1      | 0 ||| PLANNING D:1-11
   206 | D:1      | Found Dopyacia's Weapon Boutique.
   269 | D:1      | Found Fumoll's Jewellery Boutique.
   275 | D:1      | 275 ||| SHOPLISTING amulet of reflection (360 gold, have
                  | 11).
   275 | D:1      | 275 ||| SHOPLISTING amulet of regeneration (360 gold, have
                  | 11).
   275 | D:1      | 275 ||| SHOPLISTING ring of Bodily Harmony {rPois rN++ EV+5
                  | Str-2} (642 gold, have 11).
   275 | D:1      | 275 ||| SHOPLISTING ring of positive energy (240 gold, have
                  | 11).
   275 | D:1      | 275 ||| SHOPLISTING ring of protection from fire (300 gold,
                  | have 11).
   275 | D:1      | 275 ||| SHOPLISTING ring of resist corrosion (240 gold,
                  | have 11).
   275 | D:1      | 275 ||| SHOPLISTING ring of willpower (300 gold, have 11).
   305 | D:1      | Found Jeod's Magic Scroll Emporium.
   309 | D:1      | Reached XP level 2. HP: 25/25 MP: 1/1
   315 | D:1      | 315 ||| SHOPLISTING scroll of brand weapon (133 gold, have
                  | 11).
   315 | D:1      | 315 ||| SHOPLISTING scroll of identify (28 gold, have 11).
   315 | D:1      | 315 ||| SHOPLISTING scroll of teleportation (42 gold, have
                  | 11).
   350 | D:1      | Found Biket's Armour Emporium.
   376 | D:1      | Reached skill level 5 in Ranged Weapons
   655 | D:1      | Reached skill level 3 in Fighting
   658 | D:1      | Reached XP level 3. HP: 31/31 MP: 2/2
   718 | D:1      | 718 ||| UPGRADING to +0 ring mail.
   728 | D:1      | 728 ||| DROPPING +0 leather armour.
   729 | D:1      | 729 ||| READING scroll labelled TUPA KAKEROHE.
   730 | D:1      | 730 ||| READING scroll labelled VIOPIN ATAEHU.
   735 | D:1      | 735 ||| READING 2 scrolls labelled HIRYNETWO.
   736 | D:1      | 736 ||| READING scroll labelled YTICWIE DOOKHLA.
   737 | D:1      | 737 ||| DRINKING 2 red potions.
   738 | D:1      | 738 ||| DROPPING scroll of butterflies.
   739 | D:1      | 739 ||| DROPPING potion of brilliance.
   850 | D:2      | Noticed Robin
   856 | D:2      | Reached skill level 1 in Armour
   863 | D:2      | Killed Robin
   867 | D:2      | HP: 7/31 [goblin/+0 dagger[Robin] (3)]
   996 | D:2      | Noticed Natasha
  1006 | D:2      | Reached XP level 4. HP: 25/38 MP: 3/3
  1015 | D:2      | HP: 8/38 [cerulean imp/+1 spear[Natasha] (3)]
  1016 | D:2      | HP: 1/38 [Natasha/magic dart (7)]
  1016 | D:2      | Slain by a cerulean imp

Levels and vault maps discovered:
D:1:      dpeg_arrival_circle_labyrinth_a, layout_loops_ring, serial_shops,
          nicolae_shop_window_shopping, shop, shop, shop,
          chequers_serial_rivers_small_3
D:2:      layout_basic, minmay_worlds_worst_comb, uniq_sigmund, uniq_natasha,
          uniq_robin

Skill      XL: |  1  2  3 |
---------------+----------+-----
Ranged Weapons | 5 |  5.8
Fighting       | 3 |  3.0
Armour         | 1 |  1.0
Dodging        | |  2.1
Stealth        | |  0.7

Action                     |  1- 3 |  4- 6 || total
---------------------------+-------+-------++-------
   Fire: Shortbow          |   100 |    11 ||   111
    Use: Scroll            |     4 |       ||     4
         Potion            |     1 |       ||     1
 Armour: Leather armour    |     3 |       ||     3
         Ring mail         |    12 |     4 ||    16
  Dodge: Dodged            |    48 |     9 ||    57

Table legend:
 A = Non-vault XP
 B = Vault XP
 C = Vault XP percentage of total XP
 D = Non-vault monster count
 E = Vault monster count
 F = Vault count percentage of total count
                 A         B        C        D         E       F
            +---------+---------+-------+---------+---------+-------
      Total |      70 |      36 |  34.0 |      24 |      12 |  33.3
            +---------+---------+-------+---------+---------+-------
        D:1 |      46 |       0 |   0.0 |      18 |       0 |   0.0
        D:2 |      24 |      36 |  60.0 |       6 |      12 |  66.7
            +---------+---------+-------+---------+---------+-------
